 Dungeon Crawl Stone Soup version 0.25.0-15-gac7dcb8919 (webtiles) character file.

Game seed: 7707003685379002832

36740 nikku the Thaumaturge (level 13, -2/102 HPs)
             Began as a Gnoll Warper on June 28, 2020.
             Was the Champion of Makhleb.
             Slain by a catoblepas (5 damage)
             ... while petrified by you
             ... on level 5 of the Lair of Beasts on June 29, 2020.
             The game lasted 01:06:11 (17154 turns).

nikku the Thaumaturge (Gnoll Warper)               Turns: 17154, Time: 01:06:12

Health: -2/102     AC: 17    Str: 18    XL:     13   Next: 92%
Magic:  26/26      EV:  2    Int: 12    God:    Makhleb [******]
Gold:   773        SH:  0    Dex: 25    Spells: 26/31 levels left

rFire    + . .     SeeInvis .   a - +12 war axe of Defiance {vorpal, Dex+3}
rCold    . . .     Gourm    .   M - +0 tower shield
rNeg     + + +     Faith    .   H - +0 acid dragon scales
rPois    ∞         Spirit   .   p - +1 helmet
rElec    .         Reflect  .   u - +0 cloak
rCorr    +         Harm     .   A - +2 pair of gloves of Too Many Cooks {rF+ Dex+2}
MR       +....                  C - +0 pair of boots
Stlth    ++++......             (no amulet)
HPRegen  0.27/turn              T - +4 ring of evasion
MPRegen  0.20/turn              j - ring "Osueluin" {MR+ Int-4 Dex+5}

@: petrified
A: distributed training, fangs 1, strong nose
a: Minor Destruction, Lesser Servant of Makhleb, Major Destruction, Greater
Servant of Makhleb, Renounce Religion


You were on level 5 of the Lair of Beasts.
You worshipped Makhleb.
Makhleb was exalted by your worship.
You were hungry.

You visited 3 branches of the dungeon, and saw 19 of its levels.

You collected 1013 gold pieces.
You spent 240 gold pieces at shops.

Inventory:

Hand Weapons
 a - the +12 war axe of Defiance (weapon) {vorpal, Dex+3}
   (You found it on level 6 of the Dungeon)

   It inflicts extra damage upon your enemies.
   It affects your dexterity (+3).
Missiles
 r - 29 boomerangs (quivered)
 w - 9 curare-tipped darts
 S - 4 datura-tipped darts
Armour
 p - a +1 helmet (worn)
 u - a +0 cloak (worn)
 A - the +2 pair of gloves of Too Many Cooks (worn) {rF+ Dex+2}
   (You found it on level 5 of the Dungeon)

   It affects your dexterity (+2).
   It protects you from fire.
 B - a +0 kite shield
 C - a +0 pair of boots (worn)
 H - +0 acid dragon scales (worn)
 M - a +0 tower shield (worn)
Jewellery
 j - the ring "Osueluin" (right hand) {MR+ Int-4 Dex+5}
   (You found it on level 5 of the Dungeon)

   [ring of intelligence]

   It affects your intelligence (-4).
   It affects your dexterity (+5).
   It affects your resistance to hostile enchantments.
 m - an uncursed ring of protection from fire
 y - an uncursed ring of flight
 K - an uncursed ring of see invisible
 Q - an uncursed ring of wizardry
 T - a +4 ring of evasion (left hand)
Wands
 c - a wand of flame (47)
 n - a wand of iceblast (21)
 z - a wand of digging (5)
 J - a wand of polymorph (14)
 L - a wand of random effects (10)
 N - a wand of paralysis (10)
Scrolls
 d - 5 scrolls of blinking
 g - a scroll of enchant weapon
 h - 16 scrolls of teleportation
 i - 6 scrolls of fear
 l - 8 scrolls of remove curse
 D - 4 scrolls of magic mapping
 E - 5 scrolls of amnesia
Potions
 b - 3 potions of brilliance
 e - a potion of lignification
 k - 4 potions of flight
 o - 2 potions of magic
 q - 6 potions of curing
 s - a potion of mutation
 t - a potion of cancellation {unknown}
 v - a potion of heal wounds
 x - a potion of invisibility {unknown}
 F - a potion of might
 G - 2 potions of berserk rage
 I - a potion of haste
 O - 2 potions of ambrosia
 P - 2 potions of stabbing {unknown}
Comestibles
 f - 38 rations


   Skills:
 + Level 9.7 Fighting
 + Level 8.5 Short Blades
 + Level 8.5 Long Blades
 + Level 9.7 Axes
 + Level 8.5 Maces & Flails
 + Level 8.5 Polearms
 + Level 8.5 Staves
 + Level 8.5 Slings
 + Level 8.5 Bows
 + Level 8.5 Crossbows
 + Level 9.0 Throwing
 + Level 9.0 Armour
 + Level 9.7 Dodging
 + Level 8.5 Stealth
 + Level 8.5 Shields
 + Level 8.5 Unarmed Combat
 + Level 9.9 Spellcasting
 + Level 7.1 Conjurations
 + Level 7.1 Hexes
 + Level 7.1 Charms
 + Level 7.1 Summonings
 + Level 7.1 Necromancy
 + Level 9.1 Translocations
 + Level 7.1 Transmutations
 + Level 7.1 Fire Magic
 + Level 7.1 Ice Magic
 + Level 7.1 Air Magic
 + Level 7.1 Earth Magic
 + Level 7.1 Poison Magic
 + Level 9.3 Invocations
 + Level 8.5 Evocations


You had 26 spell levels left.
You knew the following spells:

 Your Spells              Type           Power        Failure   Level  Hunger
a - Blink                 Tloc           N/A          4%          2    None
b - Teleport Other        Tloc           ####....     9%          3    ##.....

Your spell library contained the following spells:

 Spells                   Type           Power        Failure   Level  Hunger
 Animate Skeleton         Necr           N/A          7%          1    None
 Pain                     Necr           ###.         7%          1    None
 Shroud of Golubria       Chrm/Tloc      ####..       7%          2    None
 Gell's Gravitas          Tloc           ####......   9%          3    ##.....
 Lesser Beckoning         Tloc           ####......   9%          3    ##.....
 Vampiric Draining        Necr           ###.......   21%         3    ##.....
 Passage of Golubria      Tloc           N/A          30%         4    ####...
 Animate Dead             Necr           N/A          56%         4    ####...
 Agony                    Necr           ###.....     88%         5    #####..


Dungeon Overview and Level Annotations

Branches:
Dungeon (12/15)            Temple (1/1) D:4            Lair (6/6) D:8
  Swamp (0/4) Lair:2        Snake (0/4) Lair:3        Slime (0/5) Lair:5
    Orc (0/2) D:10

Altars:
Ashenzari
Cheibriados
Dithmenos
Elyvilon
Fedhas
Gozag
Hepliaklqana
Kikubaaqudgha
Makhleb
Nemelex Xobeh
Okawaru
Qazlal
Ru
Sif Muna
Trog
Uskayaw
Vehumet
Wu Jian
Xom
Yredelemnul
Zin
The Shining One
Jiyva

Shops:
D:8 *   D:9 =

Annotations:
D:12 Jorgrun, Rupert
Lair:1 exclusion: oklob plant
Lair:2 exclusion: oklob plant
Lair:5 2 runed translucent doors, Qoypruj's ghost, journeyman MiGl


Innate Abilities, Weirdness & Mutations

Your experience applies equally to all skills.
You have very sharp teeth.
Your uncanny sense of smell can sniff out nearby items.


Message History

The catoblepas is lightly wounded.
You completely miss the death yak.
You are engulfed in calcifying dust.
You are slowing down.
The catoblepas breathes a plume of calcifying dust at you.
The blast of calcifying dust hits you but does no damage.
The death yak snorts and paws the ground.
The death yak gores you!
You hit the catoblepas.
The catoblepas is lightly wounded.
You slash the death yak!
You are engulfed in calcifying dust.
Your limbs have turned to stone.
The catoblepas gores you!!
* * * LOW HITPOINT WARNING * * *
The death yak gores you but does no damage.
The catoblepas gores you!
* * * LOW HITPOINT WARNING * * *
The death yak gores you!
* * * LOW HITPOINT WARNING * * *
You have turned to stone.
You are engulfed in calcifying dust.
The catoblepas gores you!
You die...

#.....#....#.##.##.####
.#...................^.#
.......................
.............>........P
........÷.............
.....................
..#.................#
............YY...^...
P........§§###@##..###
..P......Y..# #.# .##
............## ### #
............P#
..P.........###
............#.###
...#..........#.## ###
..#.#...§.......P###.#
...#...§..P..........#


You could see a death yak and a catoblepas.

Vanquished Creatures
  A hydra (Lair:2)
  Erica (Lair:2)
  5 two-headed ogres
  4 death yaks (Lair:3)
  Sonja (Lair:2)
  5 skeletal warriors
  2 unseen horrors (D:10)
  3 ugly things
  A black mamba (Lair:1)
  Maggie (Lair:2)
  2 molten gargoyles (Lair:5)
  2 rime drakes
  8 spiny frogs
  A centaur skeleton (D:10)
  4 komodo dragons
  3 trolls
  13 blink frogs
  6 hippogriffs
  2 humans
  A wraith (D:11)
  A wyvern (D:9)
  A water elemental (D:12)
  28 yaks
  A basilisk (D:11)
  3 hogs (D:7)
  A hungry ghost (D:10)
  A steam dragon (D:11)
  7 vampire mosquitoes
  3 nagas (Lair:3)
  2 water moccasins
  4 porcupines
  7 orc warriors
  A swamp drake (D:10)
  A black bear (D:6)
  2 ice beasts
  5 ogres
  8 wolves
  5 centaurs
  7 crocodiles
  24 bullfrogs
  A gnoll sergeant (D:11)
  4 scorpions
  5 wights (D:12)
  9 killer bees
  5 howler monkeys
  6 electric eels
  3 crimson imps
  4 lava snakes (Lair:5)
  A centaur zombie (D:8)
  A quasit (D:10)
  A bullfrog zombie (D:6)
  A jelly (D:6)
  5 orc priests
  A bullfrog skeleton (D:4)
  2 hounds
  13 orc wizards
  An iguana (D:7)
  8 worker ants
  A hound zombie (D:9)
  2 hound skeletons
  2 worker ant zombies
  Robin (D:2)
  5 gnolls (D:11)
  14 adders
  4 adder skeletons
  An adder zombie (D:6)
  3 worms
  2 dart slugs
  6 leopard geckos
  55 orcs
  3 giant cockroaches
  18 goblins
  11 hobgoblins
  3 jackals (D:1)
  4 quokkas
  3 ball pythons
  14 bats
  2 frilled lizards
  8 kobolds
  3 quokka skeletons
  A quokka zombie (D:5)
  8 rats
  A fungus (Lair:1)
424 creatures vanquished.

Vanquished Creatures (others)
  A vampire mosquito (D:12)
  A fungus (Lair:2)
  2 plants
4 creatures vanquished.

Grand Total: 428 creatures vanquished

Notes
Turn   | Place    | Note
-------+----------+-------------------------------------------
     0 | D:1      | nikku the Gnoll Warper began the quest for the Orb.
     0 | D:1      | Reached XP level 1. HP: 20/20 MP: 6/6
   462 | D:1      | Reached XP level 2. HP: 24/26 MP: 7/7
   752 | D:1      | Reached XP level 3. HP: 31/31 MP: 9/9
   894 | D:1      | Reached skill level 5 in Spellcasting
  1226 | D:2      | Reached skill level 1 in Invocations
  1445 | D:2      | Reached skill level 1 in Short Blades
  1445 | D:2      | Reached skill level 1 in Long Blades
  1445 | D:2      | Reached skill level 1 in Maces & Flails
  1445 | D:2      | Reached skill level 1 in Polearms
  1445 | D:2      | Reached skill level 1 in Staves
  1445 | D:2      | Reached skill level 1 in Slings
  1445 | D:2      | Reached skill level 1 in Bows
  1445 | D:2      | Reached skill level 1 in Crossbows
  1445 | D:2      | Reached skill level 1 in Stealth
  1445 | D:2      | Reached skill level 1 in Shields
  1445 | D:2      | Reached skill level 1 in Unarmed Combat
  1445 | D:2      | Reached skill level 1 in Evocations
  1647 | D:2      | Reached XP level 4. HP: 32/38 MP: 11/11
  1942 | D:2      | Noticed Robin
  1983 | D:2      | Killed Robin
  1983 | D:2      | Reached skill level 1 in Conjurations
  1983 | D:2      | Reached skill level 1 in Hexes
  1983 | D:2      | Reached skill level 1 in Charms
  1983 | D:2      | Reached skill level 1 in Summonings
  1983 | D:2      | Reached skill level 1 in Necromancy
  1983 | D:2      | Reached skill level 1 in Transmutations
  1983 | D:2      | Reached skill level 1 in Fire Magic
  1983 | D:2      | Reached skill level 1 in Ice Magic
  1983 | D:2      | Reached skill level 1 in Air Magic
  1983 | D:2      | Reached skill level 1 in Earth Magic
  1983 | D:2      | Reached skill level 1 in Poison Magic
  2295 | D:2      | Found a hazy altar of Hepliaklqana.
  2298 | D:2      | Found an ancient bone altar of Kikubaaqudgha.
  2307 | D:2      | Found a shimmering altar of Xom.
  2310 | D:2      | Found a bloodstained altar of Trog.
  2346 | D:2      | Found a sacrificial altar of Ru.
  2529 | D:2      | Reached XP level 5. HP: 43/43 MP: 12/12
  3647 | D:4      | Found a staircase to the Ecumenical Temple.
  3657 | Temple   | Entered the Ecumenical Temple
  3839 | Temple   | Became a worshipper of Makhleb the Destroyer
  4098 | D:4      | Reached XP level 6. HP: 40/50 MP: 13/13
  4166 | D:4      | Found a sacrificial altar of Ru.
  4339 | D:5      | Entered Level 5 of the Dungeon
  4346 | D:5      | Got a brightly glowing granite ring
  4348 | D:5      | Identified the cursed ring "Osueluin" {MR+ Int-4 Dex+5}
                  | (You found it on level 5 of the Dungeon)
  5021 | D:5      | Got a pair of ichor-stained gloves
  5027 | D:5      | Identified the +2 pair of gloves of Too Many Cooks {rF+
                  | Dex+2} (You found it on level 5 of the Dungeon)
  5124 | D:5      | Reached skill level 5 in Fighting
  5124 | D:5      | Reached skill level 5 in Axes
  5124 | D:5      | Reached skill level 5 in Dodging
  5251 | D:5      | Noticed a human
  5252 | D:5      | Found a runed translucent door.
  5256 | D:5      | Found a basalt altar of Yredelemnul.
  5291 | D:5      | Killed a human
  5291 | D:5      | Reached XP level 7. HP: 51/56 MP: 15/15
  5943 | D:6      | Learned a level 2 spell: Blink
  6187 | D:6      | Reached XP level 8. HP: 56/63 MP: 16/16
  6355 | D:6      | Reached * piety under Makhleb
  6542 | D:6      | Got an ancient war axe
  6543 | D:6      | Identified the +12 war axe of Defiance {vorpal, Dex+3} (You
                  | found it on level 6 of the Dungeon)
  6937 | D:7      | Reached XP level 9. HP: 69/69 MP: 18/18
  7013 | D:7      | Reached skill level 5 in Throwing
  7013 | D:7      | Reached skill level 5 in Armour
  7458 | D:7      | Reached ** piety under Makhleb
  7636 | D:8      | Found a stormy altar of Qazlal.
  7647 | D:8      | Reached skill level 5 in Invocations
  7720 | D:8      | Found a staircase to the Lair.
  8021 | D:8      | Reached XP level 10. HP: 77/77 MP: 20/20
  8044 | D:8      | Identified the +4 dagger of Context {drain, +Fly rF++
                  | Dex+4}
  8150 | D:8      | Found Zinapn's General Store.
  8401 | D:9      | Noticed a two-headed ogre
  8408 | D:9      | Killed a two-headed ogre
  8408 | D:9      | Reached skill level 5 in Short Blades
  8408 | D:9      | Reached skill level 5 in Long Blades
  8408 | D:9      | Reached skill level 5 in Maces & Flails
  8408 | D:9      | Reached skill level 5 in Polearms
  8408 | D:9      | Reached skill level 5 in Staves
  8408 | D:9      | Reached skill level 5 in Slings
  8408 | D:9      | Reached skill level 5 in Bows
  8408 | D:9      | Reached skill level 5 in Crossbows
  8408 | D:9      | Reached skill level 5 in Stealth
  8408 | D:9      | Reached skill level 5 in Shields
  8408 | D:9      | Reached skill level 5 in Unarmed Combat
  8408 | D:9      | Reached skill level 5 in Evocations
  8648 | D:9      | Found a shadowy altar of Dithmenos.
  8721 | D:9      | Found Ucefoim's Jewellery Boutique.
  8726 | D:9      | Reached *** piety under Makhleb
  8727 | D:9      | Bought an uncursed ring of see invisible for 240 gold
                  | pieces
  8740 | D:9      | Noticed a two-headed ogre
  8750 | D:9      | Killed a two-headed ogre
  9266 | D:10     | Entered Level 10 of the Dungeon
  9331 | D:10     | Noticed a cyan ugly thing
  9376 | D:10     | Noticed an unseen horror
  9393 | D:10     | Reached XP level 11. HP: 73/84 MP: 22/22
  9433 | D:10     | Killed an unseen horror
  9606 | D:10     | Found a staircase to the Orcish Mines.
  9633 | D:10     | Killed a cyan ugly thing
  9633 | D:10     | Reached skill level 5 in Conjurations
  9633 | D:10     | Reached skill level 5 in Hexes
  9633 | D:10     | Reached skill level 5 in Charms
  9633 | D:10     | Reached skill level 5 in Summonings
  9633 | D:10     | Reached skill level 5 in Necromancy
  9633 | D:10     | Reached skill level 5 in Transmutations
  9633 | D:10     | Reached skill level 5 in Fire Magic
  9633 | D:10     | Reached skill level 5 in Ice Magic
  9633 | D:10     | Reached skill level 5 in Air Magic
  9633 | D:10     | Reached skill level 5 in Earth Magic
  9633 | D:10     | Reached skill level 5 in Poison Magic
  9885 | D:10     | Noticed an unseen horror
  9891 | D:10     | Noticed a two-headed ogre
  9895 | D:10     | Killed an unseen horror
  9900 | D:10     | Killed a two-headed ogre
  9966 | D:10     | Noticed a two-headed ogre
  9972 | D:10     | Killed a two-headed ogre
  9972 | D:10     | Reached **** piety under Makhleb
  9985 | D:10     | Learned a level 3 spell: Teleport Other
 10733 | D:11     | Noticed a green ugly thing
 10742 | D:11     | Killed a green ugly thing
 10876 | D:11     | Reached XP level 12. HP: 93/93 MP: 24/24
 11029 | D:11     | Noticed a two-headed ogre
 11040 | D:11     | Killed a two-headed ogre
 11918 | D:12     | Reached ***** piety under Makhleb
 12139 | D:12     | Noticed Jorgrun
 12157 | D:12     | HP: 3/94 [Jorgrun/+0 vorpal quarterstaff (11)]
 12161 | D:12     | Noticed Rupert
 12634 | Lair:1   | Entered Level 1 of the Lair of Beasts
 12641 | Lair:1   | Got a bloodstained robe
 12662 | Lair:1   | Identified the cursed +0 robe "Leyghuox" {SInv} (You found
                  | it on level 1 of the Lair of Beasts)
 12695 | Lair:1   | You fall into a shaft and drop 1 floor!
 12696 | Lair:2   | Noticed Sonja
 12704 | Lair:2   | Killed Sonja
 12875 | Lair:1   | You fall into a shaft and drop 1 floor!
 12878 | Lair:2   | Found a staircase to the Swamp.
 12897 | Lair:1   | Reached XP level 13. HP: 60/101 MP: 26/26
 13904 | Lair:2   | Noticed Maggie
 13918 | Lair:2   | Killed Maggie
 14047 | Lair:2   | Noticed Erica
 14056 | Lair:2   | Killed Erica
 14624 | Lair:3   | Found a staircase to the Snake Pit.
 15590 | Lair:3   | Reached ****** piety under Makhleb
 16869 | Lair:5   | Found a large runed translucent door.
 16869 | Lair:5   | Found a large runed translucent door.
 16875 | Lair:5   | Noticed Qoypruj's ghost (journeyman MiGl)
 16904 | Lair:5   | Found a staircase to the Slime Pits.
 16905 | Lair:5   | Found a viscous altar of Jiyva.
 17031 | Lair:6   | Entered Level 6 of the Lair of Beasts
 17153 | Lair:5   | HP: 2/102 [death yak (11)]
 17154 | Lair:5   | Slain by a catoblepas

Illustrated notes

Levels and vault maps discovered:
D:1:      scummos_arrival_forest, layout_loops_ring, minmay_pentomino_w2
D:2:      layout_basic, grunt_temple_overflow_cloverleaf,
          nicolae_ru_sacrificial_ziggurat, uniq_robin
D:3:      layout_basic, serial_park_tiny_pond
D:4:      layout_cave_pools, kennysheep_mini, minmay_temple_entry_grid,
          first_ration
D:5:      minmay_evil_eye, layout_rooms, dk_yredelemnul_ordeal
D:6:      minmay_inner_zag, layout_basic
D:7:      layout_basic, grunt_livestock
D:8:      layout_gridville, nicolae_qazlal_style_of_elements, lair_entry_dummy,
          serial_shops, shop_statue
D:9:      layout_loops_ring, serial_shops, shop, minmay_crystal_water,
          grunt_decor_fettered, kennysheep_donut,
          chequers_serial_rivers_small_b,
          nicolae_dithmenos_through_a_glass_darkly
D:10:     layout_loops_cross, erik_orc_1
D:11:     layout_irregular_city
D:12:     layout_irregular_city, serial_bayou, serial_bayou_pond_b,
          serial_bayou_pond_e, serial_bayou_lagoon_a, serial_bayou_lagoon_b,
          serial_bayou_ford_a, minmay_guarded_unrand_vampires_tooth,
          uniq_jorgrun, uniq_rupert
Temple:   eino_temple_rhombus
Lair:1:   layout_regular_city, chequers_serial_rivers_room_b,
          serial_bayou_pond_a, grunt_forest_small_clearings,
          chequers_serial_rivers_large_a, infiniplex_staircase_pool_2,
          grunt_megastairs_2, minmay_lair_oklob_chamber
Lair:2:   minmay_lair_oklob_tunnel, layout_regular_city,
          minmay_swamp_entry_swarm, uniq_erica, uniq_maggie, uniq_sonja
Lair:3:   layout_cave_pods, minmay_snake_entry_guardpost_small, roderic_batcave,
          st_stairs_11, small_statue_intersection, hibernation_bobbens,
          serial_bayou_shore_a
Lair:4:   layout_regular_city
Lair:5:   cheibrodos_magma_flow, layout_gridlike, slime_altar_1,
          ebering_ghost_disaster_area, nicolae_lair_yak_garden
Lair:6:   evilmike_catoblepas_cave, layout_long_grid, grunt_megastairs_5,
          uniq_nessos

Skill      XL: |  1  2  3  4  5  6  7  8  9 10 11 12 13 |
---------------+----------------------------------------+-----
Spellcasting   | 5 6 7 8 9 |  9.9
Invocations    | 1 2 3 4 5 6 7 8 9 |  9.3
Short Blades   | 1 2 3 4 5 6 7 8 |  8.5
Long Blades    | 1 2 3 4 5 6 7 8 |  8.5
Maces & Flails | 1 2 3 4 5 6 7 8 |  8.5
Polearms       | 1 2 3 4 5 6 7 8 |  8.5
Staves         | 1 2 3 4 5 6 7 8 |  8.5
Slings         | 1 2 3 4 5 6 7 8 |  8.5
Bows           | 1 2 3 4 5 6 7 8 |  8.5
Crossbows      | 1 2 3 4 5 6 7 8 |  8.5
Stealth        | 1 2 3 4 5 6 7 8 |  8.5
Shields        | 1 2 3 4 5 6 7 8 |  8.5
Unarmed Combat | 1 2 3 4 5 6 7 8 |  8.5
Evocations     | 1 2 3 4 5 6 7 8 |  8.5
Conjurations   | 1 2 3 4 5 6 7 |  7.1
Hexes          | 1 2 3 4 5 6 7 |  7.1
Charms         | 1 2 3 4 5 6 7 |  7.1
Summonings     | 1 2 3 4 5 6 7 |  7.1
Necromancy     | 1 2 3 4 5 6 7 |  7.1
Transmutations | 1 2 3 4 5 6 7 |  7.1
Fire Magic     | 1 2 3 4 5 6 7 |  7.1
Ice Magic      | 1 2 3 4 5 6 7 |  7.1
Air Magic      | 1 2 3 4 5 6 7 |  7.1
Earth Magic    | 1 2 3 4 5 6 7 |  7.1
Poison Magic   | 1 2 3 4 5 6 7 |  7.1
Throwing       | 3 4 5 6 7 8 9 |  9.0
Armour         | 3 4 5 6 7 8 9 |  9.0
Fighting       | 5 6 7 8 9 |  9.7
Axes           | 5 6 7 8 9 |  9.7
Dodging        | 5 6 7 8 9 |  9.7
Translocations | 6 7 8 9 |  9.1

Action                   |  1- 3 |  4- 6 |  7- 9 | 10-12 | 13-15 || total
-------------------------+-------+-------+-------+-------+-------++-------
Melee: Hand axe          |   115 |   258 |   100 |       |       ||   473
       Bite              |    16 |    39 |    40 |    57 |    33 ||   185
       War axe           |       |       |   117 |   427 |   244 ||   788
Throw: Boomerang         |     1 |       |    12 |    17 |    51 ||    81
       Dart              |       |       |    35 |    12 |       ||    47
 Cast: Blink             |       |       |       |       |     1 ||     1
Evoke: Wand              |       |       |       |     1 |       ||     1
       Phantom mirror    |       |       |       |     1 |       ||     1
  Use: Scroll            |     5 |     7 |     4 |    11 |     3 ||    30
       Potion            |       |     1 |     1 |    11 |     1 ||    14
 Stab: Sleeping          |       |     1 |     6 |    11 |    10 ||    28
       Distracted        |       |       |       |     2 |     2 ||     4
       Paralysed         |       |       |       |     2 |       ||     2
  Eat: Chunk             |     2 |     9 |     5 |    15 |    12 ||    43
       Ration            |       |     1 |     1 |     1 |       ||     3
Armor: Leather armour    |     1 |       |       |       |       ||     1
       Ring mail         |    29 |    71 |    59 |   103 |     9 ||   271
       Acid dragon scale |       |       |       |       |    66 ||    66
Dodge: Dodged            |    77 |   165 |   102 |   279 |   125 ||   748
Block: Kite shield       |       |    20 |    99 |   210 |       ||   329
       Tower shield      |       |       |       |   129 |   175 ||   304
